cohdb
Replays
Latest Replays
All Replays
Popular Replays
Top Player Replays
Match Explorer
How It Works
Community
CoH3 Stats
Reddit
Sign in to upload your games and track your stats! →
Sign in with Steam
Match 43152704
Unlisted
Match 43152704
Overview
Messages
Build Orders
End
250 Light Carrier
Panzerpioneer Squad
Selects Italian Infantry
250 Light Carrier
Construct Light Support Kompanie
Panzerjäger Squad
Fire Support Elements
Combat Half-tracks
Selects Defensive Operations
Assault Grenadier Squad
Flakvierling Half-track
Panzerjäger Mechanized Group
Panzerjäger Squad
Selects Prepared Positions
Tungsten Core Ammunition
Panzerjäger Squad
Panzerjäger Squad
Richard_GZY
ToxinX
matrix4x4
Inky
GayHomo
Peeeedn94
JDASCWQAD
蒼天落葉
0
0
Comments
sign in to comment!
No comments posted yet!